 Dungeon Crawl Stone Soup version 0.21-a0-2-ge494091 (webtiles) character file.

1440 nikopol the Chopper (level 8, -1/76 HPs)
             Began as a Gargoyle Berserker on May 21, 2017.
             Was a Believer of Trog.
             Splashed by a jelly's acid (5 damage)
             ... on level 5 of the Dungeon.
             The game lasted 00:10:33 (5563 turns).

nikopol the Chopper (Gargoyle Berserker)            Turns: 5563, Time: 00:10:34

Health: -1/76      AC: -7    Str: 29    XL:     8   Next: 74%
Magic:  8/8        EV: 10    Int:  7    God:    Trog [**....]
Gold:   216        SH:  0    Dex:  9    Spells: 7/7 levels left

rFire    . . .     SeeInvis .   a - +0 hand axe
rCold    . . .     Gourm    .   (no shield)
rNeg     + . .     Faith    .   A - +1 chain mail {rPois}
rPois    ∞         Spirit   .   (no helmet)
rElec    +         Reflect  .   (no cloak)
rCorr    .         Harm     .   (no gloves)
MR       .....                  (no boots)
Stlth    ..........             (no amulet)
Regen    0.3/turn               (no ring)
MPRegen  0.2/turn               (no ring)

@: berserking, corroded, very quick
A: negative energy resistance 1, electricity resistance, unbreathing,
petrification resistance, rot immunity, AC +5
a: Berserk, Trog's Hand, Burn Spellbooks, Renounce Religion


You were on level 5 of the Dungeon.
You worshipped Trog.
Trog was pleased with you.
You were hungry.

You visited 1 branch of the dungeon, and saw 5 of its levels.

You collected 216 gold pieces.

Inventory:

Hand Weapons
 a - a +0 hand axe (weapon)
Missiles
 s - 69 arrows
Armour
 b - a +0 animal skin
 t - a +0 leather armour
 y - a +0 scale mail
 A - a +1 chain mail of poison resistance (worn)
Jewellery
 d - a cursed amulet of inaccuracy {unknown}
 l - an uncursed amulet of the gourmand {unknown}
 E - an uncursed ring of ice {unknown}
Wands
 k - a wand of paralysis (12/24)
Scrolls
 e - 5 scrolls of teleportation {unknown}
 f - 4 scrolls of amnesia {unknown}
 g - 9 scrolls of identify {unknown}
 m - a scroll of enchant weapon {unknown}
 o - 2 scrolls of magic mapping {unknown}
 p - a scroll of recharging {unknown}
 u - 3 scrolls of remove curse {unknown}
 v - 2 scrolls of fear {unknown}
 w - a scroll of fog {unknown}
 z - a scroll of enchant armour {unknown}
Potions
 h - a potion of brilliance {unknown}
 i - 5 potions of curing {unknown}
 n - 2 potions of heal wounds {unknown}
 q - 2 potions of lignification {unknown}
 x - a potion of degeneration {unknown}
 B - a potion of agility {unknown}
 C - a potion of flight {unknown}
Comestibles
 c - 5 bread rations
 j - 5 fruits
 r - 3 meat rations


   Skills:
 + Level 6.1 Fighting
 * Level 6.2 Axes
 + Level 5.8 Armour
 + Level 4.4 Dodging


You had 7 spell levels left.
You didn't know any spells.

Dungeon Overview and Level Annotations

Branches:
Dungeon (5/15)
 Temple: D:4-7

Altars:
Dithmenos

Shops:
D:5 }


Innate Abilities, Weirdness & Mutations

You are resistant to torment.
Your stone body is resilient. (AC +5)
You are immune to poison.
You resist negative energy. (rN+)
You are resistant to electric shocks. (rElec)
You can survive without breathing.
You are immune to petrification.
You are immune to rotting.


Message History

* * * LOW HITPOINT WARNING * * *
You hit the jelly.
Your hands burn!
* * * LOW HITPOINT WARNING * * *
The jelly is heavily wounded.
You hit the jelly but do no damage.
Your hands burn!
* * * LOW HITPOINT WARNING * * *
The jelly is heavily wounded.
The jelly closely misses you.
You hit the jelly but do no damage.
Your hands burn!
* * * LOW HITPOINT WARNING * * *
The jelly is heavily wounded.
The jelly hits you.
* * * LOW HITPOINT WARNING * * *
The acid corrodes you!
You are splashed with acid!
The acid burns!
* * * LOW HITPOINT WARNING * * *
You hit the jelly but do no damage.
Your hands burn!
* * * LOW HITPOINT WARNING * * *
The jelly is heavily wounded.
You hit the jelly but do no damage. The acid corrodes you!
Your hands burn!
You die...

.......########..................
.......#.......#####'#...........
.##....#.......#.....#...........
.##....#.......#.....#######.....
.......#.......#......# #.....
.......#.......######## #.....
.......#......>.......# #.....
.#######..............# #.....
### ########.@.....# #..... ..#
#..J....# #..... >.# #.......#
#..... ..# #.......# #..... ..#
#.......# ###### ..# #.......# #
..# #.......# # ..# #.......# #
### #


You could see a jelly.

Vanquished Creatures
  The ghost of glosham the Insei, a novice GnAK of Lugonu (D:5)
  Eustachio (D:5)
  2 ogres (D:5)
  A centaur (D:5)
  A bullfrog (D:5)
  A scorpion (D:4)
  3 hounds
  A bullfrog skeleton (D:4)
  Jessica (D:2)
  Natasha (thrice) (D:3)
  Ijyb (D:2)
  A centaur skeleton (D:5)
  3 worker ants (D:5)
  7 adders
  A shadow imp (D:5)
  An ooze (D:3)
  5 dart slugs
  5 leopard geckos
  8 orcs
  3 bats
  3 giant cockroaches
  12 goblins
  7 hobgoblins
  13 kobolds
  2 quokkas
  5 frilled lizards
  A rat (D:1)
93 creatures vanquished.

Notes
Turn   | Place    | Note
-------+----------+-------------------------------------------
     0 | D:1      | nikopol the Gargoyle Berserker began the quest for the Orb.
     0 | D:1      | Reached XP level 1. HP: 14/14 MP: 1/1
   140 | D:1      | Reached XP level 2. HP: 14/19 MP: 2/2
   778 | D:2      | Reached XP level 3. HP: 23/23 MP: 3/3
  1204 | D:2      | Reached XP level 4. HP: 24/29 MP: 4/4
  1486 | D:2      | Noticed Ijyb
  1492 | D:2      | Paralysed by Ijyb for 5 turns
  1510 | D:2      | Killed Ijyb
  1684 | D:2      | Noticed Jessica
  1693 | D:2      | Killed Jessica
  1693 | D:2      | Reached XP level 5. HP: 32/33 MP: 5/5
  1910 | D:3      | Reached ** piety under Trog
  2543 | D:3      | Noticed Natasha
  2551 | D:3      | Killed Natasha
  2690 | D:3      | Noticed Natasha
  2702 | D:3      | Killed Natasha
  2702 | D:3      | Reached XP level 6. HP: 38/39 MP: 6/6
  2801 | D:3      | Noticed Natasha
  2811 | D:3      | Killed Natasha
  4207 | D:5      | Entered Level 5 of the Dungeon
  4232 | D:5      | Reached XP level 7. HP: 24/44 MP: 7/7
  4246 | D:5      | Noticed glosham's ghost (novice GnAK)
  4395 | D:5      | Killed glosham's ghost
  4395 | D:5      | Reached skill level 5 in Fighting
  4395 | D:5      | Reached skill level 5 in Axes
  4395 | D:5      | Reached skill level 5 in Armour
  4395 | D:5      | Reached XP level 8. HP: 28/50 MP: 8/8
  4694 | D:5      | Noticed Eustachio
  4726 | D:5      | Killed Eustachio
  5232 | D:5      | Found a shadowy altar of Dithmenos.
  5490 | D:5      | Found Aczuihumn's Quality Used Wands.
  5563 | D:5      | Splashed by a jelly's acid

Vault maps used:
D:1:      dpeg_arrival_simpleton_a
D:2:      kennysheep_the_goblin_king, first_bread, kennysheep_crisscross,
          uniq_jessica
D:3:      uniq_natasha
D:4:      fountainhead
D:5:      nicolae_dithmenos_the_darkroom, nicolae_for_you_no_charge,
          uniq_eustachio

Skill      XL: |  1  2  3  4  5  6  7  8 |
---------------+-------------------------+-----
Dodging        | 2 3 4 |  4.4
Armour         | 3 4 5 |  5.8
Axes           | 3 4 5 6 |  6.2
Fighting       | 4 5 6 |  6.1

Action                   |  1- 3 |  4- 6 |  7- 9 || total
-------------------------+-------+-------+-------++-------
Melee: Hand axe          |    77 |   277 |   177 ||   531
Invok: Berserk           |     1 |     1 |     4 ||     6
 Stab: Sleeping          |     1 |       |       ||     1
  Eat: Chunk             |     2 |    10 |     8 ||    20
       Fruit             |       |       |     1 ||     1
Armor: Animal skin       |    32 |    29 |       ||    61
       Leather armour    |       |    54 |       ||    54
       Scale mail        |       |    39 |       ||    39
       Chain mail        |       |    26 |   110 ||   136
Dodge: Dodged            |    43 |   176 |    90 ||   309
